 Dungeon Crawl Stone Soup version 0.30.1-9-gdf580d7c3d (webtiles) character file.

Game seed: 47753377985736258

72 Gabide the Cutter (level 4, 0/35 HPs)
             Began as a Human Monk on Sept 24, 2023.
             Succumbed to a gnoll's poison
             ... on level 1 of the Dungeon.
             The game lasted 00:03:58 (1373 turns).

Gabide the Cutter (Human Monk)                      Turns: 1373, Time: 00:03:59

Health: 0/35       AC:  3    Str: 11    XL:     4   Next: 48%
Magic:  4/4        EV: 12    Int: 11    God:
Gold:   79         SH:  0    Dex: 17    Spells: 3/3 levels left

rFire   . . .        a - +2 short sword (holy)
rCold   . . .        d - orb {light}
rNeg    . . .        i - +0 leather armour
rPois   .            (no helmet)
rElec   .            (no cloak)
rCorr   .            (no gloves)
SInv    .            (no boots)
Will    .....        (no amulet)
Stlth   +            (no ring)
HPRegen 0.25/turn    (no ring)
MPRegen 0.09/turn

%: no passive effects
@: lethally poisoned (0 -> -15), glowing
A: no striking features
a: no special abilities


You were on level 1 of the Dungeon.
You visited 1 branch of the dungeon, and saw 2 of its levels.

You collected 79 gold pieces.

Inventory:

Hand Weapons
 a - a +2 short sword of holy wrath (weapon)
 b - a +0 sling
Missiles
 l - 2 poisoned darts
Armour
 d - an orb of light (worn)
 h - a +0 robe
 i - a +0 leather armour (worn)
Scrolls
 k - a scroll of fog
Potions
 c - a potion of ambrosia
 e - a potion of lignification {unknown}
 f - a potion of mutation
 g - a potion of cancellation {unknown}
 j - a potion of berserk rage {unknown}
 m - 2 potions of curing {unknown}
 n - a potion of haste {unknown}
 o - 2 potions of attraction {unknown}


   Skills:
 - Level 3.0 Fighting
 + Level 5.0 Short Blades
 - Level 3.0 Dodging


You had 3 spell levels left.
You didn't know any spells.
Your spell library contained the following spells:

 Spells                   Type           Power      Damage    Failure   Level
 Beastly Appendage        Tmut           0%         N/A       43%         1
 Sublimation of Blood     Necr           0%         N/A       56%         2
 Wereblood                Tmut           0%         N/A       56%         2
 Dazzling Flash           Conj/Hex       0%         N/A       80%         3
 Spider Form              Tmut/Pois      0%         N/A       80%         3
 Volatile Blastmotes      Fire/Tloc      0%         2d10      80%         3
 Iskenderun's Mystic Bla  Conj/Tloc      0%         2d3       99%         4
 Starburst                Conj/Fire      0%         6d3       100%        6
 Summon Hydra             Summ           0%         N/A       100%        7


Dungeon Overview and Level Annotations

Branches:
Dungeon (2/15)

Altars:


Message History

You hit the gnoll.
The gnoll is moderately wounded.
The gnoll closely misses you.
You hit the gnoll.
The gnoll is moderately wounded.
You hit the gnoll but do no damage.
The gnoll is moderately wounded.
The gnoll closely misses you.
You barely miss the gnoll.
The gnoll is moderately wounded.
The gnoll hits you with a +0 flail.
The gnoll hits you from afar with a +0 halberd!
The gnoll hits you with a +0 whip of venom.
You are too injured to fight recklessly!
You are too injured to fight recklessly!
You are too injured to fight recklessly!
You are too injured to fight recklessly!
You are too injured to fight recklessly!
You are too injured to fight recklessly!
You are too injured to fight recklessly!
Unknown command.
The gnoll attacks as you move away! The gnoll barely misses you.
You see here a +0 whip.
The gnoll attacks as you move away!
The gnoll hits you with a +0 whip of venom.
You are poisoned.
Found a stone staircase leading down.
* * * LOW HITPOINT WARNING * * *
You feel very sick.
* * * LOW HITPOINT WARNING * * *
You feel sick.
There is a stone staircase leading up here.
* * * LOW HITPOINT WARNING * * *
You feel sick. The gnoll closely misses you.
The gnoll hits you from afar with a +0 halberd.
* * * LOW HITPOINT WARNING * * *
The gnoll hits you but does no damage.
You are more poisoned.
You climb upwards.
You die...

##################
...............g@#
###########.####g#
#.# #.# #.# #.#
#.# #.# #.# #.#
#.# #.# #.# #.#
#.# #.#


You could see 2 gnolls.

Vanquished Creatures
  2 adders (D:2)
  2 worms (D:2)
  3 dart slugs
  2 ball pythons (D:2)
  3 bats
  7 endoplasms
  4 goblins
  4 hobgoblins (D:1)
  5 frilled lizards
  3 kobolds
  4 rats
39 creatures vanquished.

Notes
Turn   | Place    | Note
-------+----------+-------------------------------------------
     0 | D:1      | Gabide the Human Monk began the quest for the Orb.
     0 | D:1      | Reached XP level 1. HP: 18/18 MP: 1/1
   252 | D:1      | Reached XP level 2. HP: 24/24 MP: 2/2
   254 | D:1      | Found a faded altar of an unknown god.
   504 | D:1      | Reached skill level 4 in Short Blades
   504 | D:1      | Reached XP level 3. HP: 29/29 MP: 3/3
  1139 | D:2      | Reached XP level 4. HP: 31/35 MP: 4/4
  1360 | D:2      | Reached skill level 5 in Short Blades
  1373 | D:1      | Succumbed to a gnoll's poison

Illustrated notes

Levels and vault maps discovered:
D:1:      minmay_arrival_wavy_path, layout_basic,
          hellmonk_ecumenical_altar_arch_garden
D:2:      layout_basic

Skill      XL: |  1  2  3  4 |
---------------+-------------+-----
Short Blades   | 4 5 |  5.0
Fighting       | |  3.0
Dodging        | |  3.0

Action                     |  1- 3 |  4- 6 || total
---------------------------+-------+-------++-------
  Melee: Short sword       |    57 |    34 ||    91
   Fire: Sling             |    49 |     7 ||    56
    Use: Scroll            |     5 |       ||     5
 Armour: Robe              |     4 |       ||     4
         Leather armour    |     6 |     7 ||    13
  Dodge: Dodged            |    28 |    21 ||    49
